 Dungeon Crawl Stone Soup version 0.21.1-1-g345015f (webtiles) character file.

30879 letownia2 the Destroyer (level 13, 0/102 HPs)
             Began as a Gargoyle Fire Elementalist on Feb 14, 2018.
             Was an Elder of Sif Muna.
             Slain by a redback (1 damage)
             ... on level 1 of the Spider Nest on Feb 15, 2018.
             The game lasted 01:35:37 (8438 turns).

letownia2 the Destroyer (GrFE)                      Turns: 8438, Time: 01:35:38

Health: 0/102      AC: 28    Str: 12    XL:     13   Next: 54%
Magic:  4/36       EV:  2    Int: 21    God:    Sif Muna [****..]
Gold:   1106       SH:  0    Dex: 10    Spells: 6/32 levels left

rFire    . . .     SeeInvis +   a - +9 dagger of Shame {pierce, SInv}
rCold    . . .     Gourm    .   (no shield)
rNeg     + + +     Faith    +   (armour currently unavailable)
rPois    ∞         Spirit   .   (helmet currently unavailable)
rElec    .         Reflect  .   (cloak currently unavailable)
rCorr    .         Harm     .   (gloves currently unavailable)
MR       .....     NoTele   +   (boots currently unavailable)
Stlth    ++........             x - amulet of faith
HPRegen  0.27/turn              Q - +2 ring of protection
MPRegen  0.25/turn              C - ring of magical power

@: tree-form
A: negative energy resistance 1, petrification resistance, rot immunity, AC +9
a: Divine Energy, Channel Magic, Forget Spell, Renounce Religion


You were on level 1 of the Spider Nest.
You worshipped Sif Muna.
Sif Muna was greatly pleased with you.
You were hungry.
You were a tree.
You visited 3 branches of the dungeon, and saw 18 of its levels.
You also visited: Labyrinth, Sewer and Ice Cave.

You collected 1275 gold pieces.
You spent 169 gold pieces at shops.

Inventory:

Hand Weapons
 a - the +9 dagger of Shame (weapon) {pierce, SInv}
   (You found it on level 10 of the Dungeon)

   It inflicts extra damage upon your enemies.
   It lets you see invisible.
 f - a +2 glaive of chopping
 r - the +8 autumn katana {slice, Clar}
   (You found it in a labyrinth)

   It inflicts extra damage upon your enemies.
   It protects you against confusion.
 F - a +2 shortbow of flaming
 I - a +1 blowgun
Missiles
 A - 40 arrows
 H - 3 javelins (quivered)
 J - 19 poisoned needles
Armour
 d - a +2 pair of boots (melded)
 R - a +3 scale mail of fire resistance (melded)
 T - a +1 cloak (melded)
 U - the +3 chain mail "Syilu" {MR+}
   (You found it in a labyrinth)

   It affects your resistance to hostile enchantments.
Jewellery
 b - an uncursed ring of fire
 g - an uncursed amulet of magic regeneration
 x - an amulet of faith (around neck)
 z - an uncursed ring of positive energy
 C - a ring of magical power (right branch)
 L - an uncursed ring of resist corrosion
 N - an uncursed ring of ice
 Q - a +2 ring of protection (left branch)
Wands
 l - a wand of polymorph (11)
 q - a wand of disintegration (12)
 y - a wand of paralysis (25)
 B - a wand of flame (30)
 G - a wand of scattershot (8)
 M - a wand of random effects (21)
 V - a wand of acid (7)
Scrolls
 e - 4 scrolls of remove curse
 j - 2 scrolls of enchant armour
 m - 3 scrolls of teleportation
 p - a scroll of enchant weapon
 u - 3 scrolls of fear
 v - a scroll of blinking
 D - 2 scrolls of fog
 E - 2 scrolls of magic mapping
 P - 3 scrolls of immolation
Potions
 h - a potion of invisibility
 k - a potion of lignification
 n - 5 potions of mutation
 s - 2 potions of brilliance
 t - 2 potions of curing
 w - 7 potions of flight
 K - 2 potions of berserk rage
 O - a potion of might {unknown}
 S - a potion of degeneration {unknown}
 Y - a potion of cancellation
 Z - a potion of agility
Miscellaneous
 i - a lamp of fire
 o - a lamp of fire
 W - a fan of gales
Comestibles
 c - 21 rations
 X - 2 chunks of flesh


   Skills:
 - Level 3.2 Fighting
 - Level 8.0 Armour
 - Level 2.0 Dodging
 - Level 2.1 Stealth
 - Level 10.3 Spellcasting
 - Level 13.5 Conjurations
 - Level 3.6 Charms
 - Level 3.2 Necromancy
 - Level 6.6 Fire Magic
 - Level 1.4 Air Magic
 + Level 10.5 Earth Magic
 - Level 4.7 Invocations


You had 6 spell levels left.
You knew the following spells:

 Your Spells              Type           Power        Failure   Level  Hunger
a - Flame Tongue          Conj/Fire      #####        1%          1    None
c - Conjure Flame         Conj/Fire      ######..     1%          3    None
f - Fireball              Conj/Fire      ######....   2%          5    ####...
g - Regeneration          Chrm/Necr      ####......   4%          3    None
i - Sticky Flame          Conj/Fire      ######..     1%          4    ##.....
m - Bolt of Magma         Conj/Fire/Erth ######....   2%          5    ####...
s - Swiftness             Chrm/Air       ###.....     3%          2    None
x - Dazzling Spray        Conj/Hex       #####.       1%          3    None


Dungeon Overview and Level Annotations

Branches:
Dungeon (10/15)              Lair (6/6) D:10          Swamp (0/4) Lair:2
 Spider (2/4) Lair:3
 Temple: D:4-7        Slime: Lair:5-6       Orc: D:9-12

Altars:
Dithmenos
Elyvilon
Gozag
Nemelex Xobeh
Ru
Sif Muna
Vehumet
Wu Jian

Shops:
D:4 ?   D:5 [!*

Annotations:
Lair:4 exclusion: oklob plant, lydgate's ghost, journeyman GrEE
Lair:5 exclusion: 2 oklob plants


Innate Abilities, Weirdness & Mutations

You are resistant to torment.
((Your stone body is resilient. (AC +9)))
You are immune to poison.
You resist negative energy. (rN+)
((You are resistant to electric shocks. (rElec)))
((You can survive without breathing.))
You are immune to petrification.
You are immune to rotting.


Message History

Your +3 scale mail of fire resistance melds into your body.
You feel less resistant to fire.
Your roots penetrate the ground.
The demonic crawler burns!
The demonic crawler stops burning.
The demonic crawler completely misses you.
The demonic crawler barely misses you.
The demonic crawler hits you but does no damage.
The redback bites you.
* * * LOW HITPOINT WARNING * * *
Unknown command.
Unknown command.
Unknown command.
It was a potion of flight.
Your roots keep you in place.
The redback bites you but does no damage.
The demonic crawler hits you.
* * * LOW HITPOINT WARNING * * *
The demonic crawler hits you but does no damage.
The demonic crawler hits you.
* * * LOW HITPOINT WARNING * * *
The redback bites you.
You die...

# . ... .. #. ..
...#.####.#
.......#.. ####
#........## #.<##
#...s...# ##...#
##s.####..###
##.....s##..#
#...†..s♣..###
#....##s.....##
......#...#.......#
#....##...#.....###
#....#(...##....(#
#...##...........#
.#..#^....###.....#
#. #.#(....##..###
###..#...##..#


You could see a demonic crawler and 4 redbacks.

Vanquished Creatures
  A minotaur (Lab)
  3 hydras
  A centaur warrior (D:10)
  2 ice dragons (IceCv)
  4 two-headed ogres
  A tengu warrior (D:10)
  2 wolf spiders (Spider:1)
  An orb spider (Lair:3)
  5 elephants (Lair:1)
  3 black mambas
  A torpor snail (Lair:2)
  2 ice statues (IceCv)
  5 spiny frogs
  2 rime drakes (IceCv)
  A demonic crawler (Spider:1)
  A troll (D:10)
  A polar bear (shapeshifter) (D:10)
  3 hippogriffs
  3 blink frogs (Lair:3)
  A tyrant leech (Lair:2)
  11 dream sheep
  A raiju (shapeshifter) (D:10)
  A spriggan (D:7)
  2 shadows (D:10)
  9 yaks
  A redback (Lab)
  4 tarantellas (Spider:1)
  3 wyverns
  5 basilisks
  5 hungry ghosts
  A golden eye (shapeshifter) (D:10)
  Menkaure (D:6)
  5 water moccasins
  2 hell hounds (D:10)
  6 porcupines
  16 ice beasts
  2 orc warriors
  4 sky beasts
  A necrophage (D:10)
  2 ogres
  4 wolves (Lair:5)
  6 centaurs
  5 crocodiles
  2 big kobolds
  6 bullfrogs
  3 scorpions
  7 killer bees
  2 spriggan skeletons (Lab)
  4 electric eels (Lair:5)
  5 howler monkeys
  3 crimson imps
  A jelly (D:10)
  2 quasits
  4 hounds
  5 orc priests
  A bullfrog skeleton (D:7)
  4 centaur skeletons
  7 orc wizards
  An iguana (D:7)
  4 worker ants
  A hound zombie (D:4)
  8 gnolls
  15 adders
  6 river rats
  3 shadow imps
  12 white imps
  An ooze (D:4)
  A worm (D:4)
  3 adder skeletons
  3 leopard geckos (D:8)
  28 orcs
  A giant cockroach (D:6)
  9 hobgoblins
  8 jackals
  3 quokkas
  2 frilled lizards
  12 goblins
  20 kobolds
  5 rats
  A plant (Lair:5)
343 creatures vanquished.

Vanquished Creatures (others)
  4 fungi
  3 plants
7 creatures vanquished.

Grand Total: 350 creatures vanquished

Notes
Turn   | Place    | Note
-------+----------+-------------------------------------------
     0 | D:1      | letownia2 the Gargoyle Fire Elementalist began the quest for the Orb.
     0 | D:1      | Reached XP level 1. HP: 10/10 MP: 3/3
   172 | D:1      | Reached skill level 2 in Conjurations
   208 | D:1      | Reached XP level 2. HP: 15/15 MP: 3/5
   341 | D:2      | Reached skill level 3 in Conjurations
   341 | D:2      | Reached XP level 3. HP: 17/19 MP: 0/6
   346 | D:2      | Learned a level 3 spell: Conjure Flame
   472 | D:3      | Found a sacrificial altar of Ru.
   505 | D:3      | Reached skill level 4 in Conjurations
   505 | D:3      | Reached XP level 4. HP: 24/24 MP: 0/7
   687 | D:4      | Reached skill level 5 in Conjurations
   696 | D:4      | Reached XP level 5. HP: 26/28 MP: 1/8
   824 | D:4      | Reached XP level 6. HP: 29/32 MP: 3/10
   839 | D:4      | Learned a level 4 spell: Sticky Flame
   843 | D:3      | Found a shadowy altar of Dithmenos.
   843 | D:3      | Found an opulent altar of Gozag.
   921 | D:4      | Found Xiyb's Magic Scroll Emporium.
   924 | D:4      | Bought a scroll of fear for 49 gold pieces
   924 | D:4      | Bought a scroll of teleportation for 42 gold pieces
   924 | D:4      | Bought a scroll of identify for 28 gold pieces
  1195 | D:4      | Reached skill level 6 in Conjurations
  1373 | D:5      | Entered Level 5 of the Dungeon
  1401 | D:5      | Learned a level 3 spell: Inner Flame
  1422 | D:5      | Reached XP level 7. HP: 36/36 MP: 8/12
  1544 | D:5      | Found Asat's Antique Armour Boutique.
  1590 | D:5      | Found Icwuxeg's Distillery.
  1601 | D:5      | Bought a potion of heal wounds for 50 gold pieces
  1622 | D:5      | Found Favvexawoi's General Store.
  1904 | D:6      | Found a deep blue altar of Sif Muna.
  1907 | D:6      | Became a worshipper of Sif Muna the Loreminder
  1975 | D:6      | Reached skill level 7 in Conjurations
  1988 | D:6      | Found a glowing drain.
  1993 | Sewer    | Entered a sewer
  2087 | Sewer    | Found a white marble altar of Elyvilon.
  2163 | D:6      | Reached skill level 5 in Spellcasting
  2185 | D:6      | Noticed Menkaure
  2187 | D:6      | Killed Menkaure
  2187 | D:6      | Reached XP level 8. HP: 30/41 MP: 8/15
  2218 | D:6      | Found an ornate altar of the Wu Jian Council.
  2266 | D:6      | Reached * piety under Sif Muna
  2404 | D:6      | Learned a level 5 spell: Fireball
  2583 | D:6      | Reached ** piety under Sif Muna
  2610 | D:6      | Found a sparkling altar of Nemelex Xobeh.
  2630 | D:6      | Reached skill level 8 in Conjurations
  2631 | D:6      | Found a radiant altar of Vehumet.
  2810 | D:7      | Reached XP level 9. HP: 39/45 MP: 8/19
  2946 | D:7      | Reached skill level 9 in Conjurations
  3039 | D:7      | Reached *** piety under Sif Muna
  3131 | D:8      | Reached skill level 1 in Invocations
  3663 | D:8      | Noticed a two-headed ogre
  3691 | D:8      | Killed a two-headed ogre
  3691 | D:8      | Reached **** piety under Sif Muna
  3691 | D:8      | Reached skill level 10 in Conjurations
  3691 | D:8      | Reached XP level 10. HP: 50/50 MP: 2/22
  3746 | D:8      | Learned a level 3 spell: Dazzling Spray
  3868 | D:8      | Reached skill level 11 in Conjurations
  3921 | D:9      | Noticed a two-headed ogre
  3933 | D:9      | Killed a two-headed ogre
  3967 | D:9      | Reached skill level 12 in Conjurations
  4159 | D:9      | Found a white marble altar of Elyvilon.
  4278 | D:9      | Reached ***** piety under Sif Muna
  4278 | D:9      | Reached skill level 13 in Conjurations
  4282 | D:9      | Identified Sif Muna's Tome of Boosting Stones (Sif Muna gifted it to you on level 9 of the Dungeon)
  4282 | D:9      | Received a gift from Sif Muna
  4303 | D:9      | Learned a level 6 spell: Iron Shot
  4516 | D:9      | Reached skill level 1 in Earth Magic
  4526 | D:10     | Entered Level 10 of the Dungeon
  4589 | D:10     | Reached XP level 11. HP: 54/54 MP: 13/23
  4618 | D:10     | Noticed a harpy
  4618 | D:10     | a spiny frog changed into a harpy
  4620 | D:10     | a harpy changed into a raiju
  4758 | D:10     | Reached skill level 5 in Earth Magic
  4815 | D:10     | Found a staircase to the Lair.
  4996 | D:10     | Noticed a centaur warrior
  5024 | D:10     | Killed a centaur warrior
  5048 | D:10     | Identified the Incunabulum of the Snowflakes and the Volcanoes
  5085 | D:10     | Noticed a two-headed ogre
  5177 | Lair:1   | Entered Level 1 of the Lair of Beasts
  5298 | Lair:2   | Learned a level 3 spell: Regeneration
  5322 | Lair:2   | Learned a level 5 spell: Bolt of Magma
  5342 | Lair:1   | Noticed a four-headed hydra
  5348 | Lair:1   | Killed a four-headed hydra
  5465 | Lair:1   | HP: 2/54 [elephant (5)]
  5487 | Lair:1   | Reached skill level 1 in Charms
  5487 | Lair:1   | Reached skill level 1 in Necromancy
  5487 | Lair:1   | Reached skill level 5 in Fire Magic
  5530 | Lair:1   | Learned a level 2 spell: Swiftness
  5622 | Lair:1   | Found a frozen archway.
  5647 | IceCv    | Entered an ice cave
  5740 | IceCv    | Reached skill level 1 in Armour
  5761 | IceCv    | Reached skill level 1 in Fighting
  5813 | IceCv    | Reached XP level 12. HP: 36/61 MP: 8/25
  6030 | IceCv    | Reached skill level 1 in Air Magic
  6067 | IceCv    | Noticed an ice dragon
  6067 | IceCv    | Noticed an ice dragon
  6079 | IceCv    | Killed an ice dragon
  6086 | IceCv    | Killed an ice dragon
  6351 | D:10     | Killed a two-headed ogre
  6398 | D:10     | Got a polished dagger
  6401 | D:10     | Identified the +9 dagger of Shame {pierce, SInv} (You found it on level 10 of the Dungeon)
  6420 | D:10     | Noticed a two-headed ogre
  6466 | D:10     | Killed a two-headed ogre
  6577 | D:10     | Noticed a tengu warrior
  6596 | D:10     | Killed a tengu warrior
  6748 | Lair:3   | Noticed a five-headed hydra
  6754 | Lair:3   | Killed a five-headed hydra
  6916 | Lair:3   | Reached skill level 10 in Spellcasting
  6984 | Lair:3   | Found a hole to the Spider Nest.
  7217 | Lair:4   | Noticed an eight-headed hydra
  7277 | Lair:5   | Found a labyrinth entrance.
  7284 | Lair:5   | Reached XP level 13. HP: 35/68 MP: 8/27
  7414 | Lab      | Entered a labyrinth
  7491 | Lab      | Found an exit through the horrors of the Abyss.
  7543 | Lab      | Reached skill level 5 in Armour
  7559 | Lab      | Noticed a minotaur
  7580 | Lab      | Killed a minotaur
  7589 | Lab      | Found an exit through the horrors of the Abyss.
  7618 | Lab      | Found the +8 autumn katana {slice, Clar}
  7618 | Lab      | Got a smoking chain mail
  7629 | Lab      | Identified the +3 chain mail "Syilu" {MR+} (You found it in a labyrinth)
  8131 | Lair:6   | Entered Level 6 of the Lair of Beasts
  8202 | Lair:4   | Noticed lydgate's ghost (journeyman GrEE)
  8310 | Spider:1 | Entered Level 1 of the Spider Nest
  8335 | Spider:1 | Reached skill level 10 in Earth Magic
  8438 | Spider:1 | HP: 2/102 [demonic crawler (5)]
  8438 | Spider:1 | Slain by a redback

Skill      XL: |  1  2  3  4  5  6  7  8  9 10 11 12 13 |
---------------+----------------------------------------+-----
Conjurations   | 2 3 4 5 6 7 8 10 13 | 13.5
Spellcasting   | 3 5 6 8 9 10 | 10.3
Fire Magic     | 4 5 6 |  6.6
Invocations    | 4 |  4.7
Earth Magic    | 2 6 9 10 | 10.5
Charms         | 2 3 |  3.6
Necromancy     | 2 3 |  3.2
Armour         | 1 4 8 |  8.0
Fighting       | 1 3 |  3.2
Dodging        | 2 |  2.0
Air Magic      | 1 |  1.4
Stealth        | |  2.1

Action                   |  1- 3 |  4- 6 |  7- 9 | 10-12 | 13-15 || total
-------------------------+-------+-------+-------+-------+-------++-------
Melee: Unarmed           |     4 |       |       |       |       ||     4
       Dagger            |    18 |       |       |     7 |    29 ||    54
       Flail             |     6 |     9 |    78 |       |       ||    93
       Broad axe         |       |       |    16 |    41 |       ||    57
 Fire: Shortbow          |       |       |    32 |       |       ||    32
       Blowgun           |       |       |     8 |       |       ||     8
Throw: Javelin           |       |       |    10 |     1 |       ||    11
 Cast: Flame Tongue      |    39 |    60 |   244 |   375 |   122 ||   840
       Sticky Flame      |       |     3 |     6 |    53 |    28 ||    90
       Conjure Flame     |       |       |    18 |    47 |    16 ||    81
       Regeneration      |       |       |       |    22 |     9 ||    31
       Bolt of Magma     |       |       |       |    12 |     5 ||    17
       Iron Shot         |       |       |       |     3 |       ||     3
       Fireball          |       |       |       |     2 |       ||     2
       Swiftness         |       |       |       |     1 |       ||     1
Invok: Divine Energy     |       |       |     1 |       |       ||     1
       Stop Divine Energ |       |       |     1 |       |       ||     1
       Channel Magic     |       |       |     3 |    34 |     4 ||    41
Evoke: Wand              |       |       |     1 |     3 |       ||     4
       Fan of gales      |       |       |       |     1 |       ||     1
  Use: Scroll            |       |     4 |     4 |    14 |     4 ||    26
       Potion            |       |       |       |     6 |     5 ||    11
 Stab: Sleeping          |     1 |       |     1 |       |       ||     2
  Eat: Chunk             |       |     1 |    10 |    30 |     8 ||    49
       Ration            |       |     1 |       |       |     1 ||     2
Armor: Robe              |    14 |     1 |       |       |       ||    15
       Leather armour    |       |    23 |   162 |   183 |     1 ||   369
       Skin              |       |       |       |    26 |    22 ||    48
       Scale mail        |       |       |       |       |   162 ||   162
Dodge: Dodged            |    29 |    27 |   174 |   182 |    80 ||   492
